 Dungeon Crawl Stone Soup version 0.30.1-11-g7821555f0a (webtiles) character file.

Game seed: 15487294210334197190

76 JordanG8 the Ruffian (level 4, -5/18 (24) HPs)
             Began as a Vine Stalker Berserker on Jan 3, 2024.
             Was a Believer of Trog.
             Slain by Crazy Yiuf
             ... wielding a +3 quarterstaff of chaos
              (8 damage)
             ... on level 2 of the Dungeon.
             The game lasted 00:05:08 (1768 turns).

JordanG8 the Ruffian (Vine Stalker Berserker)       Turns: 1768, Time: 00:05:09

HP:   -5/18 (24)    AC: 13    Str: 22    XL:     4   Next: 32%
MP:   0/14          EV:  9    Int:  7    God:    Trog [**....]
Gold: 82            SH:  0    Dex: 13    Spells: 3/3 levels left

rFire   . .          .
                       - Unarmed
rCold   . . .        (no shield)
rNeg    . . .        e - +0 plate armour
rPois   .            h - +1 helmet
rElec   .            (no cloak)
rCorr   .            (no gloves)
SInv    .            (no boots)
Will    .....        (no amulet) Stlth
                     j - ring of magical power
HPRegen 1.03/turn    c - +5 ring of evasion
MPRegen 0.14/turn

%: guardian spirit
@: grasped by roots, constricted, very heavily drained
A: fangs 2, regeneration 1, magic shield, antimagic bite, no potion heal 2
a: Renounce Religion, Berserk, Trog's Hand


You were on level 2 of the Dungeon.
You worshipped Trog.
Trog was pleased with you.
You visited 1 branch of the dungeon, and saw 2 of its levels.

You collected 82 gold pieces.

Inventory:

Armour
 a - a +0 animal skin
 e - a +0 plate armour (worn)
 h - a +1 helmet (worn)
 m - a +0 ring mail of fire resistance
Jewellery
 b - a ring of wizardry
 c - a +5 ring of evasion (right hand)
 j - a ring of magical power (left hand)
Scrolls
 g - 2 scrolls of fear {unknown}
 i - 4 scrolls of identify {unknown}
 n - a scroll of magic mapping {unknown}
Potions
 d - a potion of curing {unknown}
 f - a potion of mutation {unknown}
 k - a potion of heal wounds {unknown}
 l - 2 potions of brilliance {unknown}


   Skills:
 + Level 3.1 Fighting
 * Level 2.3 Armour
 + Level 2.1 Dodging
 * Level 3.7 Unarmed Combat


You had 3 spell levels left.
You didn't know any spells.
Your spell library was empty.

Dungeon Overview and Level Annotations

Branches:
Dungeon (2/15)

Altars:
Elyvilon

Annotations:
D:2 Crazy Yiuf


Innate Abilities, Weirdness & Mutations

You have extremely sharp teeth.
Your natural rate of healing is unusually fast.
When hurt, damage is shared between your health and your magic reserves.
Your bite disrupts and absorbs the magic of your enemies.
Potions cannot restore your health.


Message History

Crazy Yiuf hits you with a +3 quarterstaff of chaos.
You are electrocuted!
You are too injured to fight recklessly!
You are too injured to fight recklessly!
You are too injured to fight recklessly!
You are too injured to fight recklessly!
You are too injured to fight recklessly!
You are too injured to fight recklessly!
You are too injured to fight recklessly!
You are too injured to fight recklessly!
You are too injured to fight recklessly!
You are too injured to fight recklessly!
You are too injured to fight recklessly!
You closely miss Crazy Yiuf.
Crazy Yiuf is lightly wounded.
You closely miss Crazy Yiuf. Your punch misses Crazy Yiuf.
Crazy Yiuf is lightly wounded.
Crazy Yiuf hits you with a +3 quarterstaff of chaos!
* * * LOW HITPOINT WARNING * * *
Crazy Yiuf freezes you.
* * * LOW HITPOINT WARNING * * *
You closely miss Crazy Yiuf. You bite Crazy Yiuf. You drain his power.
You feel invigorated.
Crazy Yiuf is moderately wounded.
Crazy Yiuf hits you with a +3 quarterstaff of chaos.
* * * LOW HITPOINT WARNING * * *
You barely miss Crazy Yiuf.
Crazy Yiuf is moderately wounded.
Crazy Yiuf zaps a wand.
The roots erupt in riotous growth!
The grasping roots grab you!
Crazy Yiuf is unaffected.
The grasping roots constrict you.
* * * LOW HITPOINT WARNING * * *
You hit Crazy Yiuf. You bite Crazy Yiuf, but do no damage.
Crazy Yiuf is heavily wounded.
Crazy Yiuf barely misses you. The grasping roots constrict you.
You closely miss Crazy Yiuf. You bite Crazy Yiuf. You drain his power.
You feel invigorated.
Crazy Yiuf is severely wounded.
Crazy Yiuf hits you with a +3 quarterstaff of chaos!
You die...

#..............#
##.............#
#.............#
#######.......#
#.......#
♣♣♣♣♣##........ ###
♣♣♣)♣)...........
#)))#♣))♣)............
#.))g@♣♣♣♣...........#
#)))#♣♣ ♣♣....#####.#
### ♣♣########.#
#.......# #########
############# #
#...........# #
#.#########.### #.#
#...#


You could see Crazy Yiuf.

Vanquished Creatures
  Robin (D:2)
  An adder (D:2)
  6 bats
  3 endoplasms (D:1)
  A giant cockroach (D:2)
  13 goblins
  6 hobgoblins
  2 kobolds
  3 quokkas
  6 ball pythons
  2 frilled lizards
  7 rats
51 creatures vanquished.

Notes
Turn   | Place    | Note
-------+----------+-------------------------------------------
     0 | D:1      | JordanG8 the Vine Stalker Berserker began the quest for the
                  | Orb.
     0 | D:1      | Reached XP level 1. HP: 11/11 MP: 2/2
    54 | D:1      | Reached XP level 2. HP: 10/16 MP: 1/3
   518 | D:1      | Reached XP level 3. HP: 19/19 MP: 3/4
   873 | D:2      | Found a white marble altar of Elyvilon.
   906 | D:2      | Found a runed translucent door.
   907 | D:2      | Noticed Crazy Yiuf
   966 | D:2      | Reached ** piety under Trog
  1423 | D:2      | Noticed Robin
  1432 | D:2      | Gained mutation: Your natural rate of healing is unusually
                  | fast. [Vine Stalker growth]
  1432 | D:2      | Reached XP level 4. HP: 22/22 MP: 5/5
  1449 | D:2      | Killed Robin
  1768 | D:2      | Slain by Crazy Yiuf

Illustrated notes

Levels and vault maps discovered:
D:1:      co_arrival_random_square_maze, layout_rooms, st_stairs_12,
          bh_walls_and_bars
D:2:      layout_basic, basic_altar, uniq_crazy_yiuf_cottage, uniq_robin

Skill      XL: |  1  2  3 |
---------------+----------+-----
Dodging        | 2 |  2.1
Armour         | 2 |  2.3
Fighting       | 3 |  3.1
Unarmed Combat | |  3.7

Action                     |  1- 3 |  4- 6 || total
---------------------------+-------+-------++-------
  Melee: Unarmed           |   131 |    26 ||   157
         Bite              |    20 |     6 ||    26
         Punch             |     3 |       ||     3
 Armour: Animal skin       |     6 |       ||     6
         Plate armour      |    51 |    12 ||    63
  Dodge: Dodged            |    97 |    22 ||   119
